 Dungeon Crawl Stone Soup version 0.32-a0-834-geaf45d8e21 (webtiles) character file.

Game seed: 4998252297087566203

950 warriortoast the Changeling (level 8, -2/55 HPs)
             Began as an Octopode Shapeshifter on Mar 25, 2024.
             Succumbed to a gnoll's poison
             ... on level 5 of the Dungeon.
             The game lasted 00:16:09 (5494 turns).

warriortoast the Changeling (Octopode Shapeshifter) Turns: 5494, Time: 00:16:10

Health: -2/55      AC:  1    Str: 22    XL:     8   Next: 13%
Magic:  8/8        EV:  8    Int: 12    God:
Gold:   90         SH:  0    Dex: 11    Spells: 7/7 levels left

rFire   . .          .
                       - Unarmed
rCold   . . .        (no shield)
rNeg    . . .        (helmet currently unavailable)
rPois   .            (no amulet)
rElec   .            g - +6 ring of strength
rCorr   .            s - +5 ring of evasion
SInv    .            (no ring)
Will    .....        (no ring)
Stlth   ++++         (no ring)
HPRegen 0.29/turn    (no ring)
MPRegen 0.11/turn    (no ring)
                     (no ring)

%: no passive effects
@: lethally poisoned (-2 -> -12), beast-form, held
A: beast (slay +3), almost no armour, amphibious, 8 rings, camouflage 1,
gelatinous body 1, (nimble swimmer 1), tentacles
a: Begin Untransformation


You were on level 5 of the Dungeon.
You were a hulking beast.
You visited 1 branch of the dungeon, and saw 5 of its levels.

You collected 214 gold pieces.
You spent 124 gold pieces at shops.

Inventory:

Missiles
 d - 3 atropa-tipped darts
 t - 4 poisoned darts (quivered)
 w - a throwing net
Jewellery
 g - a +6 ring of strength (left tentacle)
 s - a +5 ring of evasion (right tentacle)
Talismans
 b - a beast talisman (active)
 c - a flux talisman
Wands
 h - a wand of acid (11)
Scrolls
 i - a scroll of acquirement {unknown}
 k - 2 scrolls of fog
 l - a scroll of blinking {unknown}
 m - a scroll of enchant armour {unknown}
 n - 2 scrolls of vulnerability {unknown}
 p - 3 scrolls of identify
 q - a scroll of amnesia {unknown}
 u - a scroll of enchant weapon {unknown}
 x - a scroll of brand weapon {unknown}
Potions
 a - a potion of curing
 e - a potion of mutation {unknown}
 f - a potion of enlightenment {unknown}
 j - 2 potions of degeneration
 o - 3 potions of heal wounds
 r - 2 potions of brilliance {unknown}
 v - a potion of ambrosia {unknown}


   Skills:
 - Level 5.0 Fighting
 - Level 2.0 Dodging
 - Level 5.0 Stealth
 - Level 5.0 Unarmed Combat
 + Level 5.6 Shapeshifting


You had 7 spell levels left.
You didn't know any spells.
Your spell library contained the following spells:

 Spells                   Type           Power      Damage    Failure   Level
 Magic Dart               Conj           0%         1d3       32%         1
 Blink                    Tloc           0%         N/A       45%         2
 Call Imp                 Summ           0%         N/A       45%         2
 Dazzling Flash           Conj/Hex       0%         N/A       69%         3
 Mephitic Cloud           Conj/Alch/Air  0%         N/A       69%         3
 Animate Dead             Necr           0%         N/A       97%         4
 Borgnjor's Vile Clutch   Necr/Erth      0%         N/A       100%        5
 Curse of Agony           Necr           0%         N/A       100%        5
 Silence                  Hex/Air        0%         N/A       100%        5
 Death Channel            Necr           0%         N/A       100%        6


Dungeon Overview and Level Annotations

Branches:
Dungeon (5/15)
 Temple: D:4-7

Altars:
Gozag
Nemelex Xobeh
The Shining One

Shops:
D:2 *   D:4 =   D:5 =:

Annotations:
D:5 1 transporter, Vadun's ghost, novice MiFi


Innate Abilities, Weirdness & Mutations

You are a hulking beast.
Your limbs bulge with bestial killing power. (Slay +3)
You cannot wear most types of armour.
You are amphibious.
You can wear up to eight rings at the same time.
Your skin changes colour to match your surroundings (Stealth+).
Your rubbery body absorbs attacks. (AC +1, EV +1)
((You are camouflaged when in or above water. (Stealth+)))
You have tentacles for arms and can constrict up to eight enemies at once.


Message History

The gnoll shouts!
You open the door.
There is an open door here.
Partly explored, unvisited transporter.
Partly explored, unvisited transporter.
You enter the deep water.
The gnoll sergeant shouts!
There is a transporter here.
You enter the transporter and appear at another place.
The gnoll barely misses you.
The gnoll shouts!
The gnoll throws a throwing net.
The throwing net hits you.
You become entangled in the net!
The gnoll closely misses you.
There is an open translucent door here.
You see here a throwing net.
You struggle against the net.
The gnoll barely misses you. The gnoll closely misses you.
You struggle against the net.
The gnoll hits you from afar with a +1 spear of venom.
You are poisoned.
The gnoll hits you with a +0 flail!
The gnoll hits you from afar with a +0 spear!
The gnoll sergeant shouts!
As you read the scroll labelled YNOXOUTYCE, it dissolves into smoke.
It was a scroll of fog.
You feel sick.
You hear a shout! x2
The gnoll hits you from afar with a +1 spear of venom!
You are more poisoned.
The gnoll completely misses you.
The gnoll sergeant completely misses you.
You struggle against the net.
You feel very sick. The gnoll closely misses you.
The gnoll hits you with a +0 flail!
* * * LOW HITPOINT WARNING * * *
The gnoll sergeant hits you from afar with the +4 spear of Xeuraf.
* * * LOW HITPOINT WARNING * * *
You writhe in agony.
* * * LOW HITPOINT WARNING * * *
Unknown command.
You die...

...##.≈≈##.###.###.##≈≈....#.....
...##.≈≈#g..........#≈≈....#...##
...##.≈≈###W##g##.###≈≈....#...##
...##.≈≈..#.#...#.#..≈≈....'.....
......≈≈.##.'...'.##.≈≈....#.....
......≈≈.#g.#.g.#..#.≈≈....#.....
.....)≈≈.##.##g##§##.≈≈....#.....
......≈≈..#.#.g§#§#........#.....
......~~.©#.'.§§h§#©....####+####
......≈≈..#.#ߧß#g#.......#......
......≈≈.##.#####g##.≈≈...#......
......≈≈.#..#":g#.©#.≈≈...#......
......≈≈.##.#..$#.##.≈≈...+......
......≈≈..#.#$$$#.#..≈≈...##)####
......≈≈###g##'##.###≈≈.###......
......≈≈#...........#≈≈.<........
......≈≈##.###.###.##≈≈..........


You could see a gnoll sergeant, a gnoll bouda and 2 gnolls.

Vanquished Creatures
  An ice beast (D:5)
  A black bear (D:5)
  A centaur (D:5)
  A phantom (D:3)
  A bullfrog (D:5)
  3 scorpions
  A bombardier beetle (D:5)
  Crazy Yiuf (D:2)
  An orc priest (D:4)
  A jelly (D:4)
  2 orc wizards (D:4)
  8 adders
  3 gnolls (D:5)
  2 white imps (D:5)
  A dart slug (D:2)
  A ribbon worm (D:3)
  13 orcs
  14 ball pythons
  2 bats (D:2)
  8 endoplasms
  3 giant cockroaches
  6 goblins
  5 hobgoblins
  6 jackals
  A quokka (D:3)
  5 kobolds
  11 rats
103 creatures vanquished.

Notes
Turn   | Place    | Note
-------+----------+-------------------------------------------
     0 | D:1      | warriortoast the Octopode Shapeshifter began the quest for
                  | the Orb.
     0 | D:1      | Reached XP level 1. HP: 13/13 MP: 1/1
   115 | D:1      | Reached XP level 2. HP: 18/18 MP: 2/2
   354 | D:1      | Reached skill level 1 in Stealth
   526 | D:1      | Found a faded altar of an unknown god.
   539 | D:1      | Reached XP level 3. HP: 23/23 MP: 3/3
  1017 | D:2      | Reached XP level 4. HP: 29/29 MP: 4/4
  1130 | D:2      | Found Volomeg's Assorted Antiques.
  1137 | D:2      | Bought a scroll labelled QOEQEU YWOA for 32 gold pieces
  1241 | D:2      | Found an opulent altar of Gozag.
  1323 | D:2      | Found a runed translucent door.
  1324 | D:2      | Noticed Crazy Yiuf
  1725 | D:3      | Noticed a phantom
  2548 | D:3      | Killed a phantom
  2549 | D:3      | Reached XP level 5. HP: 35/35 MP: 5/5
  2656 | D:2      | Killed Crazy Yiuf
  3055 | D:4      | Reached XP level 6. HP: 22/42 MP: 6/6
  3209 | D:4      | Found a glowing golden altar of the Shining One.
  3209 | D:4      | Found a sparkling altar of Nemelex Xobeh.
  3265 | D:4      | Found Tismeq's Jewellery Shop.
  4166 | D:5      | Entered Level 5 of the Dungeon
  4206 | D:5      | Noticed an ice beast
  4247 | D:5      | Found a transporter.
  4247 | D:5      | Found a transporter.
  4251 | D:5      | Noticed Vadun's ghost (novice MiFi)
  4259 | D:5      | Identified the +4 spear of Xeuraf {pain, rPois Dex+5}
  4259 | D:5      | Identified the +5 ring mail "Loibuoq" {^Drain rElec rPois
                  | Str+8}
  4268 | D:5      | Found Soliu's Jewellery Emporium.
  4274 | D:5      | Reached XP level 7. HP: 43/46 MP: 7/7
  4349 | D:2      | Bought a scroll labelled QUMIT DAMIRGH for 32 gold pieces
  4349 | D:2      | Bought a scroll labelled YNOXOUTYCE for 32 gold pieces
  4349 | D:2      | Bought a purple potion for 28 gold pieces
  4442 | D:5      | Reached skill level 5 in Stealth
  4457 | D:5      | Identified the +2 leather armour "Vagalal" {-Tele Harm
                  | Will++ Int+3}
  4564 | D:5      | Reached skill level 5 in Unarmed Combat
  4575 | D:5      | Reached skill level 5 in Shapeshifting
  4671 | D:5      | Found Hirugahu's Book Emporium.
  4920 | D:5      | Reached XP level 8. HP: 36/54 MP: 8/8
  5303 | D:5      | Reached skill level 5 in Fighting
  5493 | D:5      | HP: 1/55 [gnoll sergeant/the +4 spear of Xeuraf {pain,
                  | rPois Dex+5} (2)]
  5494 | D:5      | Succumbed to a gnoll's poison

Illustrated notes

Levels and vault maps discovered:
D:1:      sevenhm_arrival_forest_fort_small_4, layout_loops_ring,
          hellmonk_ecumenical_altar_run_dry, grunt_decor_one_mirror
D:2:      layout_basic, serial_shops, shop, basic_altar,
          minmay_misc_feat_diagonals, minmay_misc_feat_enclosed,
          grunt_ministairs_4, minivault_25, kennysheep_generic_room_7,
          uniq_crazy_yiuf_cottage
D:3:      layout_rooms, amcnicky_mini_corridor_feature
D:4:      layout_gridville, chequers_temple_overflow_statue_of_worship,
          nicolae_take_the_stairs
D:5:      layout_gridville, gammafunk_ghost_gnarly_gnolls, serial_shops,
          nicolae_shop_tiny_glass, nicolae_shop_gaudy_bauble

Skill      XL: |  1  2  3  4  5  6  7  8 |
---------------+-------------------------+-----
Stealth        | 1 2 3 4 5 |  5.0
Fighting       | 2 3 4 5 |  5.0
Unarmed Combat | 4 5 |  5.0
Shapeshifting  | 4 5 |  5.6
Dodging        | |  2.0

Action                     |  1- 3 |  4- 6 |  7- 9 || total
---------------------------+-------+-------+-------++-------
  Melee: Unarmed           |    60 |    99 |    25 ||   184
         Tentacles         |    12 |    19 |    11 ||    42
         Constrict         |    15 |    22 |     8 ||    45
         Punch             |       |     2 |     1 ||     3
  Throw: Dart              |     1 |     3 |    13 ||    17
    Use: Potion            |     2 |     2 |       ||     4
         Scroll            |       |     4 |     1 ||     5
   Stab: Sleeping          |     9 |    11 |       ||    20
 Armour: Skin              |    24 |    35 |    20 ||    79
  Dodge: Dodged            |    30 |    44 |    29 ||   103

Table legend: (Time is in decaauts)
 A = Elapsed time spent in this place.
 B = Non-inter-level travel time spent in this place.
 C = Inter-level travel time spent in this place.
 D = Time resting spent in this place.
 E = Time spent auto-exploring this place.
 F = Levels seen in this place.
 G = Mean time per level.
                   A        B        C        D        E       F      G
               +--------+--------+--------+--------+--------+-----+--------+
         Total |   5465 |   5049 |    416 |   1143 |   3057 |   5 | 1093.0 |
       Dungeon |   5465 |   5049 |    416 |   1143 |   3057 |   5 | 1093.0 |
               +--------+--------+--------+--------+--------+-----+--------+

Top non-repeatable levels by time:
     D:2: 1393 daAuts
     D:4: 1307 daAuts
     D:5: 1201 daAuts
     D:3: 904 daAuts
     D:1: 658 daAuts
